 Dungeon Crawl Stone Soup version 0.31.0-9-g3a7656b989 (webtiles) character file.

Game seed: 15444956011332575174

453 qw the Shooter (level 6, -2/33 HPs)
             Began as a Spriggan Hunter on Feb 2, 2024.
             Slain by Pikel
             ... wielding a +2 whip of flaming
              (7 damage)
             ... on level 4 of the Dungeon.
             The game lasted 00:00:09 (2681 turns).

qw the Shooter (Spriggan Hunter)                    Turns: 2681, Time: 00:00:09

Health: -2/33      AC:  5    Str:  7    XL:     6   Next: 75%
Magic:  7/7        EV: 21    Int: 10    God:
Gold:   128        SH:  0    Dex: 21    Spells: 5/5 levels left

rFire   . . .        a - +0 shortbow
rCold   . . .        (shield currently unavailable)
rNeg    . . .        c - +0 robe
rPois   .            (helmet restricted)
rElec   .            g - +2 cloak
rCorr   .            (gloves unavailable)
SInv    +            (boots unavailable)
Will    +....        (no amulet)
Stlth   ++           (no ring)
HPRegen 0.25/turn    (no ring)
MPRegen 0.10/turn

%: no passive effects
@: hasted, very quick
A: very small, no large weapons, unfitting armour, see invisible, speed 3
a: no special abilities


You were on level 4 of the Dungeon.
You visited 1 branch of the dungeon, and saw 4 of its levels.

You collected 128 gold pieces.


Innate Abilities, Weirdness & Mutations

You are very small and have problems with some larger weapons.
You are too small for most types of armour.
You have supernaturally acute eyesight. (SInv)
You cover ground extremely quickly. (Speed+++)


   Skills:
 - Level 3.7 Fighting
 - Level 6.0 Ranged Weapons
 + Level 5.3 Dodging
 - Level 1.5 Stealth


You had 5 spell levels left.
You didn't know any spells.
Your spell library was empty.

Inventory:

Hand Weapons
 a - a +0 shortbow (weapon)
Armour
 c - a +0 robe (worn)
 g - a +2 cloak (worn)

Dungeon Overview and Level Annotations

Branches:
Dungeon (4/15)
 Temple: D:4-7

Altars:
Fedhas
Kikubaaqudgha

Shops:
D:1 !

Annotations:
D:1 2 transporters
D:4 Pikel


Message History

You shoot an arrow. The arrow hits the lemure!
The lemure is severely wounded.
The lemure completely misses you.
You shoot an arrow.
The arrow hits the lemure but does no damage.
The lemure is severely wounded.
The lemure misses you.
You shoot an arrow. The arrow closely misses the lemure.
The arrow closely misses Pikel.
The lemure hits you but does no damage.
You shoot an arrow. The arrow hits the lemure.
The lemure is severely wounded.
You shoot an arrow. The arrow hits the lemure!
You kill the lemure!
That felt strangely unrewarding.
You shoot an arrow. The arrow closely misses Pikel.
Pikel hits you with a +2 whip of flaming.
Pikel burns you.
You shoot an arrow.
The arrow hits Pikel but does no damage.
Pikel is lightly wounded.
Pikel barely misses you.
You shoot an arrow. The arrow barely misses Pikel.
You shoot an arrow.
The arrow hits Pikel but does no damage.
Pikel is lightly wounded.
Pikel hits you with a +2 whip of flaming!
Pikel burns you.
You shoot an arrow. The arrow closely misses Pikel.
Pikel barely misses you.
You shoot an arrow. The arrow barely misses Pikel.
Pikel closely misses you.
You shoot an arrow. The arrow hits Pikel.
Pikel is moderately wounded.
You shoot an arrow.
The arrow hits Pikel but does no damage.
Pikel is moderately wounded.
Pikel hits you with a +2 whip of flaming!
You die...
Pikel says, "See you in Hell!"

##.# ###......#
#... ###.####.#
#..# #...#
#..######.###
#.........#
#####..########
#.......#
...###.#.# #
...#@# >.####K#
#.........(.#
#.......#####
#.......#
#.......#
#.......#
#.......#
#.......#


You could see Pikel.

Vanquished Creatures
  Grinder (D:3)
  A phantom (D:4)
  4 lemures (D:4)
  A bombardier beetle (D:4)
  3 orc priests (D:3)
  Robin (D:3)
  An adder (D:2)
  2 ribbon worms (D:2)
  2 orcs (D:3)
  5 ball pythons
  4 endoplasms
  8 goblins
  5 hobgoblins
  3 kobolds
  A quokka (D:1)
  3 bats
  3 frilled lizards (D:1)
  5 rats
  A spectral kobold (D:3)
54 creatures vanquished.

Notes
Turn   | Place    | Note
-------+----------+-------------------------------------------
     0 | D:1      | qw the Spriggan Hunter began the quest for the Orb.
     0 | D:1      | Reached XP level 1. HP: 10/10 MP: 2/2
     0 | D:1      | 0 ||| qw: Version: 0.3-a-155-g5e7d8dd
     0 | D:1      | 0 ||| qw: Game counter: 2832
     0 | D:1      | 0 ||| qw: Melee chars always use a shield: true
     0 | D:1      | 0 ||| qw: God list: Okawaru
     0 | D:1      | 0 ||| qw: Allow faded altars: false
     0 | D:1      | 0 ||| qw: Do Orc after clearing Dungeon:15 true
     0 | D:1      | 0 ||| qw: Do second Lair branch before Depths: true
     0 | D:1      | 0 ||| qw: Lair rune preference: random
     0 | D:1      | 0 ||| qw: Goals: Normal
     0 | D:1      | 0 ||| PLANNING D:1-11
    17 | D:1      | Reached skill level 3 in Dodging
   179 | D:1      | Reached XP level 2. HP: 14/14 MP: 3/3
   419 | D:1      | Found a transporter.
   457 | D:1      | Found a transporter.
   457 | D:1      | Found Woixupniegu's Distillery.
   813 | D:1      | 813 ||| UPGRADING to +0 cloak.
   818 | D:1      | 818 ||| READING scroll labelled UWKUJI NIMEMOCEU.
   819 | D:1      | 819 ||| READING scroll labelled FYDGHY LEARRIL.
   822 | D:1      | 822 ||| READING scroll labelled HUODGH FOERAES.
   823 | D:1      | 823 ||| READING 2 scrolls labelled RAARATZ WAKA.
   823 | D:1      | 823 ||| IDENTIFYING cyan potion
   824 | D:1      | 824 ||| READING scroll of identify.
   824 | D:1      | 824 ||| IDENTIFYING orange potion
   825 | D:1      | 825 ||| READING scroll labelled UFUSKU GALEHUH.
   826 | D:1      | 826 ||| READING scroll labelled LYRULI XOCVUXE.
   826 | D:1      | 826 ||| ENCHANTING +0 cloak.
   827 | D:1      | 827 ||| DROPPING scroll of butterflies.
   828 | D:1      | 828 ||| DROPPING potion of degeneration.
  1052 | D:2      | Reached XP level 3. HP: 18/18 MP: 4/4
  1415 | D:2      | 1415 ||| READING scroll labelled GAGAEQ GYTAI.
  1509 | D:3      | Found an ancient bone altar of Kikubaaqudgha.
  1514 | D:3      | Found a blossoming altar of Fedhas.
  1612 | D:3      | Noticed Robin
  1623 | D:3      | Killed Robin
  1624 | D:3      | Reached skill level 5 in Ranged Weapons
  1718 | D:3      | Reached XP level 4. HP: 22/22 MP: 5/5
  1726 | D:3      | 1726 ||| FLEEEEING.
  1727 | D:3      | 1727 ||| FLEEEEING.
  1728 | D:3      | 1728 ||| FLEEEEING.
  1729 | D:3      | 1729 ||| FLEEEEING.
  1730 | D:3      | 1730 ||| FLEEEEING.
  1731 | D:3      | 1731 ||| FLEEEEING.
  1732 | D:3      | 1732 ||| FLEEEEING.
  1734 | D:3      | 1734 ||| FLEEEEING.
  1735 | D:3      | 1735 ||| FLEEEEING.
  1737 | D:3      | 1737 ||| FLEEEEING.
  1738 | D:3      | 1738 ||| FLEEEEING.
  1739 | D:3      | 1739 ||| FLEEEEING.
  1741 | D:3      | 1741 ||| FLEEEEING.
  1742 | D:3      | 1742 ||| FLEEEEING.
  1744 | D:3      | 1744 ||| FLEEEEING.
  1749 | D:3      | 1749 ||| FLEEEEING.
  1751 | D:3      | 1751 ||| FLEEEEING.
  1752 | D:3      | 1752 ||| FLEEEEING.
  1753 | D:3      | 1753 ||| FLEEEEING.
  1754 | D:3      | 1754 ||| FLEEEEING.
  1755 | D:3      | 1755 ||| FLEEEEING.
  1772 | D:3      | Noticed Grinder
  1773 | D:3      | 1773 ||| DRINKING 2 potions of haste.
  1788 | D:3      | Killed Grinder
  1789 | D:3      | Reached skill level 3 in Fighting
  1789 | D:3      | Reached XP level 5. HP: 15/29 MP: 6/6
  1789 | D:3      | Reached XP level 6. HP: 18/33 MP: 7/7
  1881 | D:3      | Found a faded altar of an unknown god.
  2383 | D:3      | 2383 ||| READING scroll of enchant armour.
  2383 | D:3      | 2383 ||| ENCHANTING +1 cloak.
  2445 | D:3      | 2445 ||| DRINKING 2 blue potions.
  2446 | D:3      | 2446 ||| DROPPING potion of attraction.
  2589 | D:4      | Reached skill level 6 in Ranged Weapons
  2638 | D:4      | 2638 ||| RETREEEEATING.
  2645 | D:4      | Noticed Pikel
  2646 | D:4      | 2646 ||| DRINKING potion of haste.
  2677 | D:4      | HP: 4/33 [Pikel/+2 whip of flaming (6)]
  2681 | D:4      | Slain by Pikel

Levels and vault maps discovered:
D:1:      dpeg_arrival_tiny_i, layout_loops_corners, serial_shops,
          nicolae_shop_drivethru, minivault_25
D:2:      layout_basic
D:3:      layout_basic, grunt_temple_overflow_growth_and_decay,
          dreamdust_ecumenical_altar_drowned_temple, uniq_grinder, uniq_robin
D:4:      layout_basic, overflow_temple_1_default, minmay_temple_entry_poolview,
          uniq_eustachio, uniq_pikel, uniq_ijyb

Skill      XL: |  1  2  3  4  5  6 |
---------------+-------------------+-----
Dodging        | 3 4 5 |  5.3
Ranged Weapons | 5 6 |  6.0
Fighting       | 3 |  3.7
Stealth        | |  1.5

Action                     |  1- 3 |  4- 6 || total
---------------------------+-------+-------++-------
   Fire: Shortbow          |   108 |    94 ||   202
    Use: Scroll            |     8 |     1 ||     9
         Potion            |       |     3 ||     3
 Armour: Robe              |    11 |    12 ||    23
  Dodge: Dodged            |    51 |    24 ||    75

Table legend:
 A = Non-vault XP
 B = Vault XP
 C = Vault XP percentage of total XP
 D = Non-vault monster count
 E = Vault monster count
 F = Vault count percentage of total count
                 A         B        C        D         E       F
            +---------+---------+-------+---------+---------+-------
      Total |     350 |     298 |  46.0 |      39 |      11 |  22.0
            +---------+---------+-------+---------+---------+-------
        D:1 |      29 |       0 |   0.0 |      18 |       0 |   0.0
        D:2 |      28 |       0 |   0.0 |       7 |       0 |   0.0
        D:3 |     141 |     298 |  67.9 |      11 |      11 |  50.0
        D:4 |     152 |       0 |   0.0 |       3 |       0 |   0.0
            +---------+---------+-------+---------+---------+-------
